Map: King's Cove LE

Players

soul

  • Race: Terran Terran
  • League: Master
  • Spawn Location: 11:00

Lambo - Winner!

  • Race: Zerg Zerg
  • League: Master
  • Spawn Location: 5:00

VOD

Have the link to the VOD?

Description

Time

  • Played on: Jan. 25, 2019, 11:59 a.m.
  • Length: 28:10
Show
View Real Time Build Order
Export as new Build Order

soul Terran 

Build Orders: Hellion Banshee 

Get SALT Encoding   

  12  0:01  SCV  
  13  0:13  SCV  
  14  0:18  Supply Depot  
  14  0:25  SCV  
  15  0:30  Refinery  
  15  0:39  SCV  
  16  0:45  Barracks  
  16  0:51  SCV  
  17  1:03  SCV  
  18  1:18  SCV  
  19  1:32  Factory, Orbital Command  
  19  1:49  Barracks Reactor  
  19  1:56  Command Center  
  20  2:05  Supply Depot  
  20  2:08  SCV  
  20  2:20  SCV  
  21  2:29  Hellion x2  
  25  2:32  SCV  
  25  2:34  Starport  
  26  2:40  Refinery  
  26  2:51  Hellion x2  
  30  2:52  SCV  
  30  2:58  Barracks Tech Lab  
  31  3:08  SCV, Orbital Command  
  32  3:20  SCV, Cloaking Field  
  32  3:25  Marine  
  34  3:27  Banshee  
  34  3:32  SCV  
  34  3:33  SCV  
  39  3:44  SCV  
  39  3:46  SCV  
  39  3:48  Marine  
  40  3:56  SCV  
  40  3:58  SCV  
  40  4:06  Marine  
  40  4:09  SCV  
  40  4:10  SCV  
  40  4:11  Banshee  
  44  4:21  SCV  
  44  4:22  SCV  
  44  4:24  Hellion  
  46  4:29  Barracks Tech Lab  
  46  4:30  Hellion  
  48  4:31  Supply Depot  
  48  4:33  SCV  
  48  4:34  SCV  
  48  4:35  Command Center  
  48  4:38  Supply Depot  
  50  4:45  SCV  
  51  4:46  SCV  
  51  4:52  Marine  
  52  4:53  Stimpack  
  52  4:57  SCV  
  52  4:58  SCV  
  55  5:03  Factory Reactor  
  55  5:06  Barracks  
  55  5:08  Barracks  
  55  5:09  SCV  
  55  5:10  SCV  
  55  5:11  Starport Reactor  
  55  5:12  Marine  
  58  5:17  Engineering Bay  
  58  5:18  Supply Depot  
  58  5:21  SCV  
  58  5:23  SCV  
  58  5:25  Refinery  
  58  5:26  Refinery  
  60  5:29  Engineering Bay  
  60  5:30  Marine  
  60  5:33  SCV  
  62  5:35  SCV  
  63  5:44  Terran Infantry Weapons Level 1  
  63  5:45  SCV  
  63  5:48  SCV, Orbital Command  
  65  5:54  Marine x3  
  68  5:57  Terran Infantry Armor Level 1, SCV  
  68  5:58  Medivac x2  
  68  6:00  SCV  
  68  6:02  Supply Depot  
  74  6:10  SCV  
  78  6:11  Marine  
  78  6:12  Marine  
  78  6:13  SCV  
  78  6:14  Marine  
  78  6:17  Marine x2  
  84  6:20  Orbital Command  
  84  6:22  SCV  
  82  6:26  SCV  
  82  6:27  Factory  
  82  6:28  Medivac x2  
  82  6:29  Marine  
  85  6:33  Marine  
  85  6:34  SCV, Marine  
  85  6:35  Marine x2  
  85  6:36  Factory Reactor  
  85  6:38  SCV  
  91  6:44  Barracks  
  91  6:45  Barracks  
  91  6:46  SCV  
  92  6:51  SCV  
  92  6:52  Armory  
  92  6:53  Combat Shield  
  92  6:54  SCV, Supply Depot  
  94  6:58  SCV  
  95  7:03  SCV  
  95  7:04  Marine x3  
  95  7:05  Marine  
  95  7:06  Supply Depot  
  95  7:07  Supply Depot  
  96  7:11  SCV  
  96  7:13  SCV  
  96  7:15  Widow Mine x3  
  104  7:24  Command Center  
  104  7:25  SCV  
  104  7:26  Refinery  
  104  7:28  SCV  
  106  7:31  Supply Depot  
  106  7:33  Supply Depot  
  106  7:34  Marine  
  106  7:35  Marauder  
  106  7:36  Barracks Reactor x2  
  109  7:37  Barracks Tech Lab  
  109  7:39  Widow Mine x2  
  109  7:42  Marine x3  
  116  7:46  SCV  
  116  7:47  Drilling Claws  
  116  7:49  Missile Turret  
  117  7:51  Missile Turret  
  117  7:54  Missile Turret  
  117  7:59  Terran Infantry Weapons Level 2, Terran Infantry Armor Level 2  
  117  8:00  Marine  
  120  8:05  Widow Mine  
  120  8:09  Medivac x2  
  120  8:12  Concussive Shells  
  124  8:16  Marine x5  
  124  8:17  Barracks  
  124  8:18  Barracks  
  124  8:19  Barracks  
  129  8:22  Thor  
  129  8:24  Marauder  
  137  8:31  Marauder, Marine  
  137  8:33  Marine  
  137  8:34  Supply Depot  
  141  8:35  Marine x4  
  141  8:37  SCV  
  141  8:38  Supply Depot  
  146  8:41  SCV  
  146  8:46  Marauder  
  146  8:47  Medivac x2  
  153  8:49  Marine  
  153  8:50  Widow Mine  
  156  8:56  Widow Mine  
  156  8:57  Supply Depot  
  156  8:58  Supply Depot  
  156  8:59  SCV, Supply Depot  
  159  9:03  Planetary Fortress  
  159  9:04  SCV  
  159  9:07  Marine  
  159  9:08  Marauder  
  161  9:10  Missile Turret  
  161  9:16  Siege Tank, Marine  
  161  9:17  Marauder  
  167  9:22  Medivac x2  
  171  9:29  Marine  
  171  9:31  Factory Tech Lab  
  159  9:40  Terran Vehicle And Ship Armor Level 1  
  159  9:41  Command Center  
  159  9:43  Barracks Tech Lab x2  
  159  9:44  Marine x6  
  159  9:45  Marauder  
  166  9:46  Barracks Tech Lab  
  166  9:48  Widow Mine  
  164  9:54  Siege Tank  
  164  9:56  Marine  
  168  10:02  Marine x4  
  172  10:09  Siege Tank  
  175  10:15  Refinery x2  
  175  10:16  Sensor Tower  
  175  10:17  SCV x2  
  175  10:19  Marauder, Refinery, Marine x6  
  185  10:26  Marine  
  189  10:32  Medivac x2, Marine  
  191  10:37  Marauder x2  
  191  10:38  Marauder, Marine  
  194  10:45  Marauder  
  194  10:47  Marine  
  190  10:53  Marine x4  
  190  10:54  Marauder  
  191  10:57  Siege Tank x2, Marine  
  191  11:04  Terran Infantry Weapons Level 3  
  189  11:13  Command Center, Ghost Academy  
  189  11:20  Marine, Terran Infantry Armor Level 3  
  189  11:21  Marauder  
  189  11:22  Marauder, Marine  
  195  11:32  Planetary Fortress  
  195  11:41  Marauder x2, Marine  
  195  11:42  Viking  
  199  11:51  SCV  
  197  12:08  Ghost x3  
  191  12:13  Refinery  
  195  12:25  Siege Tank  
  198  12:31  Barracks Tech Lab  
  198  12:37  Command Center  
  198  12:41  Starport Reactor, Orbital Command  
  198  12:42  Ghost  
  196  12:46  Command Center x2  
  196  12:48  Ghost  
  198  12:51  Ghost  
  198  12:58  Refinery  
  198  13:08  Ghost  
  198  13:12  Ghost  
  200  13:16  Ghost x2  
  200  13:19  Ghost  
  196  13:35  Marine  
  196  13:36  Ghost  
  199  13:45  Ghost  
  199  13:58  Marauder  
  196  14:03  Marine  
  196  14:04  Marauder  
  196  14:07  Marine  
  200  14:15  Ghost  
  195  14:18  Viking x2  
  195  14:35  Ghost x2  
  199  14:45  Ghost x3  
  192  14:46  Marine  
  192  14:48  Marine x5  
  143  15:01  Medivac x2  
  143  15:03  Marine, Planetary Fortress  
  143  15:04  Marauder, Marine  
  143  15:05  Marine  
  143  15:06  Marine  
  151  15:11  Marine x2  
  153  15:14  Marauder x3  
  153  15:15  Siege Tank  
  153  15:20  SCV  
  153  15:21  SCV x2  
  163  15:23  SCV  
  164  15:29  Orbital Command  
  164  15:31  Medivac x2  
  164  15:32  SCV  
  164  15:33  SCV x2  
  164  15:34  Command Center  
  171  15:35  SCV  
  172  15:43  Orbital Command  
  172  15:45  SCV x3  
  172  15:47  SCV  
  176  15:55  Refinery  
  176  15:56  Refinery  
  177  15:57  SCV x2  
  177  16:00  SCV  
  179  16:04  Liberator  
  179  16:05  Liberator  
  179  16:13  Siege Tank  
  179  16:14  Siege Tank  
  179  16:17  Marauder x3  
  191  16:22  Starport  
  191  16:23  Fusion Core  
  191  16:24  Terran Ship Weapons Level 1  
  197  16:28  Marauder, Marine  
  199  16:43  Marine  
  200  16:50  Marauder, Marine  
  200  16:51  Marauder, Marine  
  200  16:52  Marauder  
  196  16:58  Marauder, Marine  
  196  16:59  Marauder  
  196  17:00  Marine  
  191  17:04  Marine  
  191  17:07  Command Center  
  185  17:08  Siege Tank x2  
  185  17:11  Marine  
  185  17:12  Marauder x2  
  188  17:24  Marine  
  188  17:25  Marauder  
  191  17:32  Marine  
  191  17:33  Marauder  
  191  17:36  Marine x6  
  200  17:40  Planetary Fortress  
  200  17:53  SCV x3  
  200  17:55  SCV x2  
  200  17:57  SCV  
  200  18:12  Ghost  
  199  18:13  Siege Tank  
  199  18:19  SCV  
  200  18:28  Starport Tech Lab  
  200  18:45  Siege Tank  
  200  18:53  Command Center  
  194  19:03  Ghost x3  
  194  19:10  Siege Tank  
  193  19:17  Marauder x2, Marine  
  198  19:29  Marine  
  146  19:31  Marine x4  
  146  19:32  Marine  
  146  19:33  Marauder x2  
  146  19:35  Marine  
  146  19:36  Liberator x3  
  144  19:39  Marauder x2, Siege Tank  
  144  19:41  Missile Turret  
  144  19:42  Siege Tank  
  144  19:45  Refinery  
  154  19:47  Marine  
  154  19:49  Marine x4  
  154  19:51  Marauder  
  154  19:52  Marine  
  160  19:53  Marine  
  160  19:54  Marine  
  160  19:59  Marine x2  
  162  20:05  Marine  
  135  20:07  Marine x4  
  135  20:10  Marine  
  135  20:11  Marine  
  135  20:12  Marauder x2  
  141  20:17  Marine  
  141  20:18  Marauder  
  133  20:23  Siege Tank, Marine  
  133  20:25  Marine x4  
  133  20:27  SCV x2  
  133  20:28  Marine  
  143  20:29  Siege Tank  
  143  20:30  Marauder  
  143  20:33  Marauder x2  
  150  20:36  Marauder, Liberator x2  
  150  20:39  Marine  
  150  20:40  Marine  
  150  20:41  Liberator  
  145  20:43  Marine x4  
  145  20:44  Planetary Fortress  
  145  20:46  SCV x5, Marine  
  154  20:51  Marauder  
  154  20:54  Marine x2  
  154  20:56  Marine  
  154  20:57  Marine  
  165  20:58  SCV x4, Marine  
  165  21:00  Marine x3  
  177  21:10  SCV x3  
  177  21:11  SCV  
  181  21:19  Liberator x2  
  181  21:22  SCV  
  181  21:23  SCV x2  
  184  21:30  Siege Tank  
  187  21:34  SCV x2, Refinery  
  187  21:35  SCV  
  187  21:37  SCV  
  197  21:45  Refinery  
  197  21:46  SCV  
  195  21:50  SCV  
  196  21:55  Marine  
  196  21:56  Marauder  
  199  22:05  SCV x2  
  199  22:07  SCV  
  196  22:12  Marine  
  196  22:13  Marauder  
  196  22:14  Marine x3  
  196  22:15  Liberator  
  200  22:26  SCV  
  198  22:30  Orbital Command  
  198  22:36  SCV x4  
  195  22:38  SCV  
  195  22:39  Marine x5  
  200  22:51  Marine  
  199  22:52  Marine  
  193  23:03  Marauder, Marine x7  
  198  23:16  Marine  
  194  23:23  Marine x7  
  194  23:24  Marauder, Marine  
  193  23:34  Marine  
  118  23:58  Marauder, Marine  
  118  23:59  Marauder, Widow Mine  
  118  24:00  Medivac x2  
  110  24:05  SCV  
  110  24:09  SCV, Orbital Command  
  112  24:10  SCV  
  102  24:17  Medivac  
  102  24:18  SCV  
  102  24:20  Marauder x2  
  102  24:21  Widow Mine  
  102  24:23  Unknown x7  
  105  24:25  SCV  
  105  24:28  Marine  
  105  24:30  SCV, Medivac  
  109  24:35  Barracks Tech Lab  
  109  24:39  SCV, Marine  
  109  24:41  Marauder x2  
  109  24:42  SCV  
  114  24:49  SCV  
  114  24:50  SCV  
  114  24:51  SCV, Marine x3  
  120  24:57  Marine  
  106  25:02  Orbital Command  
  106  25:03  Marauder x2  
  108  25:09  Marine x3  
  99  25:15  Marine  
  97  25:24  Marauder, Marine  
  97  25:26  Marine x2  
  97  25:27  Marine  
  101  25:32  Medivac x2, Marine, Unknown  
  96  25:42  Marauder  
  85  25:44  Marine x3  
  85  25:45  Marauder  
  90  25:50  Marine  
  90  25:52  Medivac  
  91  26:02  Marine x2  
  91  26:03  Marauder, Widow Mine  
  96  26:07  Marauder  
  98  26:17  Marine  
  99  26:25  Marauder  
  98  26:28  Marauder  
  98  26:29  Marine  
  92  26:33  Marine  
  92  26:36  Marine  
  87  26:46  Marine  
  88  26:57  Marine  
  88  26:59  Marine  
  90  27:06  Marauder  
  92  27:12  Marauder  
  92  27:36  Bunker  
  92  27:41  Unknown x4  
  87  27:51  Marine  
Show
View Real Time Build Order
Export as new Build Order

Lambo Zerg - Winner!

Build Orders: Hatch First 

Get SALT Encoding   

  12  0:00  Drone  
  13  0:13  Overlord  
  13  0:18  Drone  
  14  0:31  Drone x2  
  16  0:49  Hatchery  
  15  0:52  Drone  
  15  0:56  Drone  
  17  0:59  Drone  
  18  1:10  Extractor  
  17  1:15  Spawning Pool  
  17  1:18  Drone  
  17  1:21  Drone  
  18  1:28  Drone  
  19  1:40  Drone  
  20  1:50  Overlord  
  20  2:01  Queen x2  
  20  2:02  Zergling x4  
  26  2:11  Metabolic Boost  
  26  2:14  Drone x2  
  28  2:22  Drone  
  29  2:27  Drone  
  30  2:40  Hatchery  
  29  2:44  Drone  
  29  2:45  Drone  
  31  2:51  Pneumatized Carapace  
  31  2:55  Drone  
  31  2:57  Drone  
  33  3:02  Overlord  
  33  3:08  Drone  
  33  3:09  Drone  
  33  3:10  Drone  
  36  3:18  Overlord  
  36  3:22  Drone x3  
  36  3:26  Queen  
  41  3:29  Overlord  
  41  3:33  Drone  
  39  3:44  Drone x5  
  39  3:52  Drone x2  
  38  4:00  Drone x2  
  37  4:05  Drone x2  
  39  4:10  Drone  
  39  4:13  Drone  
  39  4:16  Spore Crawler  
  40  4:17  Spore Crawler  
  40  4:18  Drone  
  40  4:20  Drone  
  40  4:24  Drone, Spore Crawler  
  41  4:25  Drone  
  42  4:32  Drone  
  42  4:34  Drone x2  
  42  4:36  Drone x2  
  42  4:37  Drone x2  
  49  4:42  Drone x2  
  49  4:44  Queen  
  53  4:48  Drone  
  53  4:50  Drone x2  
  56  4:55  Drone  
  56  4:56  Lair  
  56  4:59  Drone  
  59  5:00  Drone  
  59  5:04  Drone  
  59  5:06  Extractor  
  59  5:07  Drone x2  
  61  5:09  Zergling x6  
  61  5:10  Zergling x2  
  61  5:13  Zergling x2  
  66  5:19  Overlord  
  66  5:23  Extractor, Overlord  
  66  5:25  Overlord  
  65  5:29  Overlord  
  65  5:32  Drone  
  66  5:37  Queen  
  66  5:38  Drone x4  
  66  5:39  Drone  
  66  5:40  Drone  
  71  5:43  Drone  
  71  5:44  Drone  
  71  5:45  Evolution Chamber  
  71  5:46  Evolution Chamber, Drone  
  71  5:48  Drone  
  74  5:50  Drone  
  74  5:52  Drone  
  74  5:54  Drone x2  
  75  5:58  Spire  
  75  5:59  Drone, Extractor  
  75  6:02  Extractor, Overseer  
  75  6:03  Extractor, Drone x3  
  75  6:05  Drone  
  75  6:07  Drone x2  
  77  6:13  Zerg Melee Weapons Level 1  
  76  6:19  Baneling Nest  
  76  6:21  Drone x3  
  78  6:30  Drone  
  77  6:32  Hydralisk Den  
  77  6:38  Zergling x22  
  88  6:40  Drone  
  88  6:44  Overlord  
  88  6:45  Hatchery  
  88  6:48  Zerg Ground Armor Level 1  
  88  6:49  Drone  
  88  6:52  Zergling x2  
  90  7:02  Zergling x8  
  90  7:03  Zergling x8  
  90  7:05  Centrifical Hooks  
  90  7:07  Baneling  
  90  7:08  Baneling x5  
  98  7:09  Drone  
  98  7:11  Drone  
  98  7:12  Grooved Spines, Zergling x2  
  98  7:13  Zergling x2  
  98  7:15  Baneling x3  
  102  7:17  Overlord  
  102  7:22  Overlord  
  102  7:23  Infestation Pit  
  102  7:24  Overlord  
  101  7:33  Overlord  
  101  7:36  Drone x2  
  103  7:37  Overlord  
  103  7:42  Drone x9  
  112  7:45  Drone  
  113  7:55  Drone x4  
  113  7:56  Baneling x4, Overseer  
  117  7:59  Hydralisk x2  
  117  8:00  Hive  
  117  8:03  Queen  
  123  8:07  Overlord  
  123  8:08  Overlord  
  123  8:09  Hydralisk  
  123  8:12  Zerg Melee Weapons Level 2  
  125  8:15  Hydralisk  
  125  8:16  Overlord  
  127  8:22  Hydralisk x3  
  127  8:24  Drone x2  
  135  8:29  Extractor  
  135  8:31  Drone  
  135  8:32  Drone x2  
  137  8:36  Hatchery, Hydralisk x2  
  140  8:41  Baneling x9, Hydralisk  
  140  8:46  Muscular Augments, Overlord  
  140  8:48  Overlord  
  142  8:50  Overlord  
  142  8:54  Overlord  
  142  9:00  Hydralisk x3  
  142  9:01  Zergling x10  
  153  9:04  Hydralisk x2  
  157  9:12  Zergling x16  
  165  9:18  Zergling x2  
  165  9:19  Zergling x8  
  165  9:25  Zergling x10  
  165  9:28  Zergling x2  
  165  9:29  Zergling x4  
  167  9:31  Zergling x2  
  167  9:37  Queen  
  162  9:38  Drone x2  
  162  9:39  Drone x2  
  167  9:49  Ultralisk Cavern, Zerg Ground Armor Level 2  
  167  9:52  Baneling  
  164  9:54  Hydralisk  
  164  9:55  Zergling x2  
  164  9:56  Nydus Network  
  164  9:59  Spore Crawler  
  165  10:05  Overlord  
  165  10:06  Viper x2  
  171  10:09  Adrenal Glands  
  171  10:12  Zergling x20  
  181  10:14  Burrow, Baneling  
  181  10:15  Baneling  
  181  10:25  Drone x2  
  183  10:34  Zergling x14  
  183  10:35  Zergling x12  
  191  10:37  Baneling, Hatchery  
  191  10:38  Baneling x4  
  191  10:41  Drone x3  
  188  10:44  Overlord  
  188  10:46  Baneling x3  
  182  10:55  Zergling x2  
  182  10:56  Zergling x18  
  180  10:58  Drone  
  180  11:06  Spire, Nydus Canal  
  179  11:12  Nydus Network  
  178  11:19  Zergling x18  
  178  11:22  Nydus Canal  
  178  11:23  Zergling x4  
  178  11:24  Zergling x2  
  188  11:32  Drone x2  
  185  11:33  Drone x2  
  185  11:34  Chitinous Plating  
  187  11:44  Zergling x16  
  194  11:49  Baneling x7  
  190  11:59  Drone x10  
  197  12:07  Overlord, Overseer  
  189  12:15  Spore Crawler  
  188  12:23  Pathogen Glands  
  188  12:24  Drone x7  
  188  12:25  Drone, Spire  
  188  12:27  Overlord  
  194  12:30  Spore Crawler  
  194  12:34  Spore Crawler  
  194  12:35  Zergling x14  
  199  12:41  Drone  
  200  12:45  Zerg Ground Armor Level 3  
  200  12:46  Evolution Chamber  
  200  12:49  Nydus Canal  
  199  12:53  Overlord, Nydus Canal  
  199  13:00  Zergling x6  
  199  13:02  Overlord  
  166  13:20  Zergling x54  
  183  13:30  Ultralisk x3  
  199  13:40  Zergling x8  
  199  13:47  Baneling x22  
  192  13:56  Nydus Canal  
  192  13:59  Zergling x20  
  199  14:05  Baneling x17  
  198  14:12  Zergling x4  
  196  14:22  Nydus Canal  
  191  14:25  Overlord  
  191  14:26  Zergling x20  
  191  14:29  Overseer  
  196  14:36  Zerg Melee Weapons Level 3  
  193  14:44  Zergling x22  
  193  14:45  Zergling x4  
  195  14:49  Zergling x12  
  164  14:56  Ultralisk  
  164  14:57  Zergling x4  
  162  15:01  Infestor  
  158  15:09  Zergling x14  
  158  15:14  Hatchery, Overlord  
  158  15:21  Drone x2  
  157  15:27  Zerg Missile Weapons Level 1  
  157  15:33  Ultralisk, Spore Crawler  
  157  15:34  Hatchery, Spore Crawler  
  160  15:40  Overlord  
  160  15:41  Overlord  
  160  15:43  Zergling x10  
  160  15:45  Baneling x2  
  165  15:56  Baneling x3  
  165  15:57  Baneling x7  
  165  15:59  Infestor  
  165  16:03  Drone x3  
  170  16:08  Drone x11  
  181  16:22  Nydus Canal  
  181  16:23  Nydus Canal  
  181  16:26  Zergling x26  
  181  16:30  Overlord  
  191  16:48  Zergling x22  
  189  16:54  Nydus Canal  
  180  17:02  Zergling x2  
  180  17:03  Zergling x22  
  188  17:12  Hatchery  
  188  17:13  Overlord  
  182  17:22  Baneling  
  182  17:23  Baneling x34  
  182  17:26  Zergling x4  
  182  17:28  Nydus Canal  
  184  17:35  Infestor, Nydus Canal  
  184  17:40  Spore Crawler  
  184  17:41  Zergling x18  
  188  17:49  Overlord  
  188  17:50  Overlord  
  183  18:02  Drone x5  
  184  18:11  Infestor x2  
  187  18:20  Drone x3  
  187  18:23  Drone x3, Extractor  
  189  18:31  Spore Crawler  
  189  18:32  Zerg Flyer Weapons Level 1, Spore Crawler  
  184  18:35  Zergling x2  
  184  18:36  Zergling x26  
  197  18:41  Baneling x5  
  197  18:49  Zergling x4  
  197  18:55  Zergling x4  
  199  19:02  Zergling x24  
  186  19:10  Zergling x18  
  186  19:14  Zergling x4  
  197  19:19  Zergling x6  
  197  19:21  Overlord  
  197  19:25  Zergling x16  
  197  19:29  Zergling x4  
  173  19:35  Zergling x6  
  173  19:38  Drone x4  
  177  19:41  Viper  
  177  19:43  Hatchery  
  179  19:45  Zergling x2  
  179  19:46  Zergling x8  
  179  19:49  Nydus Canal  
  179  19:52  Zergling x8  
  188  19:54  Overlord  
  185  20:00  Overlord  
  185  20:03  Zergling x12  
  185  20:06  Zergling x2  
  185  20:07  Zergling x2  
  171  20:15  Nydus Canal  
  171  20:17  Zergling x16  
  175  20:24  Zergling x12  
  171  20:39  Infestor  
  171  20:40  Infestor, Viper x2  
  173  20:48  Zergling x10  
  172  20:52  Hatchery  
  169  21:00  Hatchery  
  168  21:06  Nydus Canal  
  168  21:15  Baneling x22  
  167  21:28  Corruptor x4  
  167  21:32  Zergling x6  
  178  21:34  Unknown  
  178  21:42  Zergling x2  
  178  21:43  Zergling x14  
  178  21:44  Unknown  
  180  21:49  Zergling x10  
  180  21:53  Zergling x2  
  180  21:54  Zergling x4  
  185  21:56  Zergling x2  
  185  21:57  Zergling x2  
  180  22:02  Zergling x16  
  180  22:08  Zergling x8  
  184  22:12  Zergling x4  
  186  22:22  Zergling x2, Spore Crawler  
  185  22:23  Zergling x6  
  188  22:30  Zergling x10  
  188  22:33  Nydus Canal  
  190  22:46  Baneling x12  
  190  22:51  Nydus Canal  
  190  22:52  Zergling x20  
  199  23:01  Zergling x2  
  199  23:02  Zergling x8  
  192  23:07  Zergling x8  
  191  23:18  Zergling x10  
  191  23:22  Zergling x4  
  191  23:24  Zergling x2  
  181  23:29  Zergling x4  
  161  23:48  Zergling x14  
  131  24:07  Zergling x8  
  134  24:14  Zergling x4  
  134  24:20  Hatchery  
  129  24:26  Zergling x6  
  129  24:32  Ultralisk  
  129  24:36  Zergling x4  
  134  24:40  Zergling x4  
  133  24:48  Zergling x2  
  131  24:56  Zergling x6  
  126  25:01  Zergling x2  
  126  25:06  Zergling x4  
  128  25:12  Zergling x2  
  122  25:19  Ultralisk  
  121  25:26  Zergling x2  
  121  25:27  Zergling x6  
  125  25:29  Nydus Canal  
  125  25:35  Zergling x6  
  114  25:37  Zergling x2  
  103  25:44  Infestor x2  
  107  25:51  Zergling x4  
  109  26:01  Ultralisk  
  109  26:02  Infestor  
  115  26:15  Zergling x12  
  120  26:21  Zergling x4  
  120  26:25  Zergling x2  
  116  26:59  Hatchery  
  114  27:06  Infestor  
  114  27:07  Infestor x2  
  118  27:09  Baneling x7  
  118  27:14  Zergling x6  
  121  27:19  Zergling x2  
  121  27:20  Zergling x2  
  123  27:26  Zergling x2  
  123  27:27  Zergling x4  
  125  27:36  Zergling x6  
  125  27:37  Zergling x4  
  130  27:46  Zergling x6  
  124  27:51  Zergling x4  
Tags
 
Add a new tag
Caveats
  • Supply blocks, unpowered buildings, or Contaminate may cause inaccurate times.
  • Supply counts are checked every 10 seconds.